 Dungeon Crawl Stone Soup version 0.28-a0-1339-ga5422284a4 (webtiles) character file.

Game seed: 7639089797810364929

6 bande the Covered (level 1, 0/14 HPs)
             Began as a Gargoyle Fighter on Dec 29, 2021.
             Slain by a rat (2 damage)
             ... on level 1 of the Dungeon.
             The game lasted 00:00:32 (139 turns).

bande the Covered (Gargoyle Fighter)                 Turns: 139, Time: 00:00:33

Health: 0/14       AC:  9    Str: 19    XL:     1   Next: 90%
Magic:  1/1        EV:  9    Int:  8    God:
Gold:   0          SH:  4    Dex:  9    Spells: 0/0 levels left

rFire   . . .      SeeInvis .   a - +0 war axe
rCold   . . .      Faith    .   c - +0 buckler
rNeg    + . .      Spirit   .   b - +0 scale mail
rPois   ∞          Reflect  .   (no helmet)
rElec   +          Harm     .   (no cloak)
rCorr   .          Rampage  .   (no gloves)
Will    .....                   (no boots)
Stlth   ..........              (no amulet)
HPRegen 0.04/turn               (no ring)
MPRegen 0.07/turn               (no ring)

@: no status effects
A: sickness immunity, AC +2, negative energy resistance 1, electricity
resistance, torment resistance 1, petrification resistance
a: no special abilities


You were on level 1 of the Dungeon.
You visited 1 branch of the dungeon, and saw 1 of its levels.

Inventory:

Hand Weapons
 a - a +0 war axe (weapon)
Armour
 b - a +0 scale mail (worn)
 c - a +0 buckler (worn)
Potions
 d - a potion of might
 e - a potion of brilliance {unknown}


   Skills:
 + Level 3.4 Fighting
 + Level 1.9 Axes
 + Level 3.4 Armour
 + Level 3.4 Shields


You couldn't memorise any spells.
You didn't know any spells.
Your spell library was empty.

Dungeon Overview and Level Annotations

Branches:
Dungeon (1/15)

Altars:


Innate Abilities, Weirdness & Mutations

You are immune to sickness and miasma.
Your stone body is resilient. (AC +2)
You are immune to poison.
You resist negative energy. (rN+)
You are resistant to electric shocks. (rElec)
You are resistant to unholy torment.
You are immune to petrification.


Message History

f - a scroll labelled ZEPTISCH VICK
As you read the scroll labelled ZEPTISCH VICK, it crumbles to dust.
You feel strangely unstable.
It was a scroll of teleportation.
You start resting.
Your surroundings suddenly seem different.
A jackal and a hobgoblin come into view.
The hobgoblin shouts!
The jackal barks!
You hear a bark!
You hear an angry hiss.
A jackal comes into view.
An endoplasm comes into view.
The endoplasm quivers.
Unknown command.
The jackal misses you.
You see here a +0 club.
You block the jackal's attack.
Really walk into that teleport trap?
You enter a teleport trap!
The teleport trap disappears.
Your surroundings suddenly seem different.
A bat, a rat and an endoplasm come into view.
The endoplasm quivers.
The bat barely misses you.
A hobgoblin comes into view.
The hobgoblin shouts!
The bat closely misses you.
A quokka comes into view.
The bat closely misses you. The bat hits you but does no damage.
The hobgoblin closely misses you. The bat hits you but does no damage.
You hit the hobgoblin.
The hobgoblin is severely wounded.
You hit the bat but do no damage. You barely miss the rat. The bat hits you.
* * * LOW HITPOINT WARNING * * *
The hobgoblin closely misses you. The rat barely misses you.
You block the hobgoblin's attack.
Unknown command.
You closely miss the bat. You hit the rat but do no damage.
You closely miss the hobgoblin. The bat hits you but does no damage.
You block the rat's attack.
The hobgoblin hits you but does no damage.
The rat bites you.
You die...

.......
.......##
.........
..... ..#
#....#.##
#....#..##
#.....J..#.#
#....#gr...#
#....#@#..##
#... #.#.....
#....b.##.....
#...#... .....
#.. ...##.....
... ...## ....
## .#.. ..#..
#. ...


You could see an endoplasm, a hobgoblin, a bat and a rat.

Vanquished Creatures
  2 kobolds (D:1)
  A ball python (D:1)
  A bat (D:1)
  A frilled lizard (D:1)
  2 goblins (D:1)
7 creatures vanquished.

Notes
Turn   | Place    | Note
-------+----------+-------------------------------------------
     0 | D:1      | bande the Gargoyle Fighter began the quest for the Orb.
     0 | D:1      | Reached XP level 1. HP: 14/14 MP: 1/1
   139 | D:1      | Slain by a rat

Illustrated notes

Levels and vault maps discovered:
D:1:      minmay_arrival_solitary_statue, layout_rooms,
          hellmonk_ecumenical_altar_inner_sanctum

Action                   || total
-------------------------++-------
Melee: War axe           ||    15
  Use: Scroll            ||     1
Armor: Scale mail        ||    15
Dodge: Dodged            ||    10
Block: Buckler           ||     5

Table legend: (Time is in decaauts)
 A = Elapsed time spent in this place.
 B = Non-inter-level travel time spent in this place.
 C = Inter-level travel time spent in this place.
 D = Time resting spent in this place.
 E = Time spent auto-exploring this place.
 F = Levels seen in this place.
 G = Mean time per level.
                   A        B        C        D        E       F      G
               +--------+--------+--------+--------+--------+-----+--------+
         Total |    145 |    145 |      0 |      3 |     82 |   1 |  145.0 |
       Dungeon |    145 |    145 |      0 |      3 |     82 |   1 |  145.0 |
               +--------+--------+--------+--------+--------+-----+--------+

Top non-repeatable levels by time:
     D:1: 145 daAuts
